 Dungeon Crawl Stone Soup version 0.31.0-11-ge490571c62 (webtiles) character file.

Game seed: 1642780437994468951

1851925 SnakkuSnakku7 the Impregnable (level 27, 129/184 HPs)
             Began as a Djinni Chaos Knight on Jan 29, 2024.
             Was a Favourite Plaything of Xom.
             Escaped with the Orb
             ... and 3 runes!
             The game lasted 01:56:21 (54860 turns).

SnakkuSnakku7 the Impregnable (DjCK)               Turns: 54860, Time: 01:56:21

Health: 129/184    AC: 43    Str: 26    XL:     27
Gold:   2208       EV: 25    Int: 14    God:    Xom [*.....] SH: 29 Dex: 14

rFire   + + .        a - +9 broad axe (heavy)
rCold   + . .        G - +3 tower shield
rNeg    . . .        Q - +9 ice dragon scales
rPois   ∞            X - +1 helmet "Yguotaeg" {+Blink Will+ Str+3}
rElec   .            q - +2 cloak of the Thief {*Fog Slay-2 SInv Stlth+}
rCorr   .            k - +2 pair of gloves {Dex+3}
SInv    +            (boots unavailable)
Will    +++..        B - amulet "Ageumit" {Reflect rPois Regen+ MP+9 Dex-4 SH+5} Stlth
                     h - +5 ring of evasion
HPRegen 1.30/turn    i - +4 ring of protection
MPRegen 0.00/turn

%: reflection
@: silenced, flying
A: sickness immunity, fire resistance 3, cold vulnerability 1, float, innate
caster, HP casting, extra vitality 1, clumsy 1, frail 1, inhibited regeneration,
strong 1, wild magic 1, sturdy frame 1, devolution 1
0: Orb of Zot
}: 3/15 runes: barnacled, silver, gossamer
a: Renounce Religion, Evoke Blink


You escaped.
You worshipped Xom.
You were a special plaything of Xom.
You visited 10 branches of the dungeon, and saw 48 of its levels.
You visited 1 bazaar.
You also visited: Bailey, Ice Cave and Volcano.

You collected 7709 gold pieces.
You spent 5501 gold pieces at shops.

Inventory:

Hand Weapons
 a - a +9 heavy broad axe (weapon)
Missiles
 j - 5 curare-tipped darts
 K - 10 throwing nets (quivered)
Armour
 k - a +2 pair of gloves of dexterity (worn)
 q - the +2 cloak of the Thief (worn) {*Fog Slay-2 SInv Stlth+}
   (You bought it in a shop on level 2 of the Vaults)

   *Fog:      It may release a thick cloud of smoke when the wearer is hurt.
   Slay-2:    It affects your accuracy & damage with ranged weapons and melee
   (-2).
   SInv:      It lets you see invisible.
   Stlth+:    It makes you more stealthy.
 G - a +3 tower shield (worn)
 Q - +9 ice dragon scales (worn)
 X - the +1 helmet "Yguotaeg" (worn) {+Blink Will+ Str+3}
   (You found it on level 3 of the Depths)

   Str+3:     It affects your strength (+3).
   Will+:     It increases your willpower.
   +Blink:    It lets you blink.
Jewellery
 h - a +5 ring of evasion (left hand)
 i - a +4 ring of protection (right hand)
 s - a +6 ring of strength
 u - a ring of willpower
 B - the amulet "Ageumit" (around neck) {Reflect rPois Regen+ MP+9 Dex-4 SH+5}
   (You bought it in a shop on level 1 of the Depths)

   [amulet of reflection]

   Reflect:   It reflects blocked missile attacks.
   Dex-4:     It affects your dexterity (-4).
   rPois:     It protects you from poison MP+9: It affects your magic capacity
   (+9).
   Regen+:    It increases your rate of health regeneration.
   SH+5:      It affects your SH (+5).
 O - a ring of see invisible
 P - a ring of resist corrosion
 V - the ring "Zeyzxoeka" {Fire rElec rN+ Str-5}
   (You took it off a vault sentinel on level 5 of the Vaults)

   [ring of fire]

   Fire:      It enhances your fire magic.
   Str-5:     It affects your strength (-5).
   rF+:       It protects you from fire.
   rC-:       It makes you vulnerable to cold.
   rElec:     It insulates you from electricity.
   rN+:       It protects you from negative energy.
Wands
 g - a wand of quicksilver (2)
 o - a wand of polymorph (51)
 v - a wand of flame (69)
 y - a wand of mindburst (56)
 E - a wand of paralysis (21)
 F - a wand of digging (14)
 M - a wand of roots (42)
Scrolls
 c - 8 scrolls of immolation
 d - 5 scrolls of teleportation
 p - 4 scrolls of torment
 r - 9 scrolls of vulnerability
 w - 2 scrolls of revelation
 x - 2 scrolls of fog
 N - 6 scrolls of poison
Potions
 e - 7 potions of might
 f - 3 potions of attraction
 l - 6 potions of brilliance
 m - 8 potions of lignification
 n - 3 potions of invisibility
 t - 7 potions of curing
 z - 4 potions of mutation
 H - 2 potions of cancellation
 I - 7 potions of enlightenment
 T - 3 potions of ambrosia
Miscellaneous
 J - a condenser vane
 R - a phial of floods
 S - a sack of spiders
 U - a phantom mirror


   Skills:
 - Level 20.0 Fighting
 - Level 16.6(18.0) Axes
 - Level 11.4(15.4) Maces & Flails
 + Level 25.5 Armour
 - Level 20.0 Dodging
 - Level 20.0 Shields
 - Level 10.0 Evocations


You knew the following spells:

 Your Spells              Type           Power      Damage    Failure   Level
a - Slow                  Hex            0%         N/A       63%         1
b - Lesser Beckoning      Tloc           0%         N/A       75%         2
c - Dazzling Flash        Conj/Hex       0%         N/A       92%         3
d - Martyr's Knell        Necr/Summ      0%         N/A       100%        4
e - Flame Wave            Conj/Fire      0%         2d4       100%        4
f - Alistair's Intoxicat  Alch           0%         N/A       100%        5
g - Conjure Ball Lightni  Conj/Air       0%         3x3d6     100%        6
h - Malign Gateway        Summ/Tloc      0%         N/A       100%        7
i - Bombard               Conj/Erth      0%         9d1       100%        6
j - Borgnjor's Revivific  Necr           0%         N/A       100%        8
k - Ignition              Fire           0%         3d3       100%        8
l - Fire Storm            Conj/Fire      0%         5d1       100%        9
m - Polar Vortex          Ice            0%         N/A       100%        9
Your spell library was empty.


Dungeon Overview and Level Annotations

Branches:
Dungeon (15/15)            Temple (0/1) D:6            Lair (5/5) D:11
 Shoals (4/4) Lair:3       Spider (4/4) Lair:3        Slime (0/5) Lair:4
    Orc (2/2) D:12            Elf (3/3) Orc:2        Vaults (5/5) D:13
  Crypt (0/3) Vaults:2     Depths (4/4) D:15           Hell (visited)
    Zot (5/5) Depths:4     Bailey (visited)           IceCv (visited)
Volcano (visited)
    Dis: Hell:1         Geh: Hell:1         Coc: Hell:1         Tar: Hell:1

Altars:
Ashenzari
Cheibriados
Dithmenos
Fedhas
Gozag
Nemelex Xobeh
Qazlal
Ru
Trog
Wu Jian
Xom
Yredelemnul
Zin
The Shining One
Jiyva

Shops:
D:1 [   D:2 *   D:6 !   D:10 (*=   Orc:1 [(=[:   Orc:2 :=[?   Elf:1 :
Elf:3 (**   Shoals:2 (!   Shoals:3 =   Vaults:1 (   Vaults:2 [   Vaults:3 *
Vaults:4 !(   Zot:1 *   Depths:1 ==:=

Portals:
Hell: Depths:1 Depths:2 Depths:3 Depths:4
Abyss: Depths:2 Depths:3
Pandemonium: Depths:2
Ziggurat: Depths:4
Trove: D:11 (give +4 fire dragon scales)

Annotations:
Shoals:2 2 transporters, exclusion: orange crystal statue, Roxanne
Elf:2 3 runed translucent doors
Hell Geryon


Innate Abilities, Weirdness & Mutations

You are immune to sickness and miasma.
You are immune to poison.
Your flesh is almost immune to the effects of heat. (rF+++)
You are vulnerable to cold. (rC-)
You float through the air rather than walking.
You learn spells naturally, not from books.
Your magical power is your life essence.
You have superior vitality. (+4 MHP)
You are clumsy. (Dex -2)
You are frail. (-10% HP)
You do not regenerate when monsters are visible.
Your muscles are strong. (Str +4, Int/Dex -1)
Your spells are a little harder to cast, but a little more powerful.
Your movements are slightly less encumbered by armour. (ER -2)
You have hidden genetic defects.


Message History

Unknown command.
You feel yourself speed up. The ancient lich casts a spell at you.
You resist with almost no effort.
As you read the scroll of silence, it crumbles to dust.
A profound silence engulfs you.
The ancient lich touches you but does no damage.
You slice the ancient lich like a ripe choko!!!
The ancient lich is moderately damaged.
You closely miss the ancient lich.
The ancient lich is moderately damaged.
You block the ancient lich's attack.
You slash the ancient lich!
The ancient lich is moderately damaged.
You block the ancient lich's attack.
You closely miss the ancient lich.
The ancient lich is moderately damaged.
You hit the ancient lich.
The ancient lich is heavily damaged.
The ancient lich touches you but does no damage.
You barely miss the ancient lich.
The ancient lich is heavily damaged.
You block the ancient lich's attack.
You hit the ancient lich but do no damage.
The ancient lich is moderately damaged.
You block the ancient lich's attack.
You hit the ancient lich.
The ancient lich is heavily damaged.
You cut the ancient lich into ribbons!!!
The ancient lich is severely damaged.
You block the ancient lich's attack.
You closely miss the ancient lich.
The ancient lich is severely damaged.
You block the ancient lich's attack.
You cut the ancient lich into ribbons!!!
You destroy the ancient lich!
Your extra speed is starting to run out.
There is a staircase leading out of the dungeon here.
You feel yourself slow down.
You have escaped!

#:.# #.##.#..####....#...### #.
#..# #.##.#..# #.##.##.## #. #..#
#.#.....# #.##.##.#######.
#..####..#.#[.####.##.....†....#.
.........#...............#####.#.
#######..###.........##.## #..#.
#(#.##.........##.# #.###
#.#.##...8.8...##.# #.#
#.#.#####.@.#####.# #.# #.#.#
##### #.#####.# #.#.# #.##....###
######.#.# #.##.......
#......#.##### #.##.......
#.[......(...# #..........
#..#####.###.# ####...###. #..#
#.# #.# ###...#### #..# #.# #.#
#.........


There were no monsters in sight!

Vanquished Creatures
  4 dread liches
  3 orbs of fire (Zot:5)
  3 ancient liches
  Sojobo (Depths:1)
  Xtahua (Vaults:5)
  6 Killer Klowns
  Saint Roka (Vaults:1)
  A curse toe (Zot:5)
  9 golden dragons
  3 caustic shrikes (Depths:3)
  A bone dragon (Depths:4)
  2 electric golems
  Jorgrun (D:12)
  Rupert (Orc:2)
  15 tentacled monstrosities
  A walking earthen tome (Depths:3)
  2 deep elf blademasters (Elf:3)
  7 liches
  24 Orb Guardians
  8 titans
  4 quicksilver dragons
  2 walking divine tomes
  6 death cobs
  A kraken (Shoals:3)
  2 sphinxes
  2 Executioners
  Polyphemus (Shoals:4)
  8 storm dragons
  9 tengu reavers
  9 shadow dragons
  An azure jelly (Shoals:2)
  2 protean progenitors (Depths:4)
  10 fire giants
  5 iron dragons
  2 draconian knights
  A draconian monk (Zot:1)
  4 deep elf sorcerers
  2 emperor scorpions (Spider:4)
  13 vault wardens
  A fenstrider witch (Zot:5)
  6 draconian scorchers
  Louise (D:14)
  6 draconian shifters
  4 ghost moths
  7 frost giants
  5 draconian stormcallers
  5 orc warlords
  2 deep elf elementalists (Elf:3)
  2 broodmothers
  A formless jellyfish (Vaults:2)
  6 draconian annihilators
  20 ironbound preservers
  29 very ugly things
  A spriggan defender (Depths:3)
  8 ironbound thunderhulks
  16 stone giants
  10 black draconians
  3 deep elf demonologists (Elf:3)
  3 vampire knights
  9 deep elf death magi
  12 green draconians
  9 deep elf annihilators
  A war gargoyle (Vaults:5)
  16 dire elephants
  14 yellow draconians
  9 purple draconians
  20 spark wasps
  A minotaur (Depths:2)
  7 white draconians
  8 red draconians
  A blizzard demon (Spider:2)
  Snorg (Orc:2)
  A crystal guardian (Vaults:3)
  2 merfolk javelineers
  9 ettins
  8 merfolk impalers
  14 fire dragons
  24 vault guards
  10 deep elf high priests
  8 entropy weavers
  15 ice dragons
  11 yaktaur captains
  Harold (Lair:2)
  9 great orbs of eyes
  10 hydras
  3 catoblepae
  2 peacekeepers
  A quicksilver dragon skeleton (Depths:3)
  2 ogre magi
  9 ironbound frosthearts
  2 jorogumos (Spider:4)
  3 rakshasas
  2 hell beasts
  8 centaur warriors
  3 spriggan air magi
  4 radroaches
  6 merfolk aquamancers
  9 boulder beetles
  10 death yaks
  13 two-headed ogres
  10 deep troll shamans
  2 merfolk avatars
  A two-headed ogre (shapeshifter) (Depths:3)
  3 tengu warriors
  A death yak (shapeshifter) (Volcano)
  An alligator snapping turtle (Shoals:4)
  2 death knights (Vaults:2)
  9 deep troll earth magi
  A satyr (Shoals:2)
  A hell hog (Depths:4)
  2 vampire magi
  8 demonic crawlers
  A titan zombie (Depths:3)
  17 dancing weapons
  6 hell knights
  4 orc high priests
  10 spriggan berserkers
  An occultist (Depths:3)
  5 deep elf knights
  Urug (Orc:2)
  2 soul eaters
  A sun demon (D:10)
  Amaemon (Lair:2)
  14 iron trolls
  Sonja (Lair:2)
  4 skysharks
  A skyshark (shapeshifter) (Spider:4)
  5 pharaoh ants
  2 fire crabs (Shoals:4)
  A death drake (Zot:2)
  A skeletal warrior (D:13)
  13 sea snakes
  49 deep trolls
  A glowing orange brain (shapeshifter) (Vaults:5)
  A shadow wraith (Vaults:2)
  7 sun moths
  A mana viper (Depths:1)
  A mana viper (shapeshifter) (Depths:2)
  13 orb spiders
  2 arcanists (Vaults:3)
  9 deep elf archers
  A flayed ghost (Depths:2)
  21 harpies
  2 glowing orange brains
  14 ironbound convokers
  6 lindwurms
  20 orc knights
  7 steelbarb worms
  An orange crystal statue (D:9)
  3 phantasmal warriors
  2 large abominations (Zot:1)
  A wolf spider (shapeshifter) (Depths:4)
  15 deep elf pyromancers
  21 wolf spiders
  3 necromancers
  2 fauns (shapeshifter) (Vaults:5)
  An iron dragon zombie (Depths:3)
  10 deep elf zephyrmancers
  9 orc sorcerers
  16 fauns
  A salamander (D:15)
  24 ugly things
  14 manticores
  18 elephants
  A meliai (D:14)
  9 cyclopes
  13 moths of wrath
  2 water nymphs (shapeshifter)
  Maurice (D:10)
  2 kobold blastminers (Orc:2)
  5 black mambas
  10 merfolk sirens
  15 vault sentinels
  2 black mambas (shapeshifter)
  3 smoke demons (D:13)
  A molten gargoyle (Volcano)
  15 cane toads
  2 centaur skeletons (D:13)
  2 gargoyles (Volcano)
  5 water nymphs
  An orange demon (Lair:2)
  Maggie (D:10)
  A cane toad (shapeshifter) (Depths:2)
  10 torpor snails
  2 rime drakes (Lair:5)
  An unseen horror (D:13)
  2 efreet
  11 yaktaurs
  2 tengu conjurers
  9 komodo dragons
  2 freezing wraiths
  6 trolls
  A guardian mummy (D:11)
  A queen bee (Spider:4)
  28 merfolk
  12 wind drakes
  7 polar bears
  20 tarantellas
  2 hellwings (D:13)
  A wolf spider simulacrum (D:15)
  2 dream sheep (Lair:5)
  5 blink frogs (Lair:3)
  2 glass eyes
  12 hornets
  13 snapping turtles
  A jumping spider (shapeshifter) (Orc:2)
  26 slime creatures
  20 jumping spiders
  16 culicivoras
  3 air elementals
  2 shadows
  18 spriggans
  2 wraiths
  19 water elementals
  74 yaks
  5 wyverns
  5 fire elementals
  5 fire bats
  A human (Spider:2)
  2 steam dragons
  7 basilisks
  2 wargs
  A redback (shapeshifter) (Vaults:5)
  60 redbacks
  5 vampire mosquitoes
  A naga (Shoals:4)
  3 acid dragons
  9 water moccasins
  2 hell hounds (Lair:5)
  19 orc warriors
  A sky beast (D:5)
  4 black bears
  A crocodile (Spider:2)
  21 centaurs
  8 ogres
  8 boggarts
  37 wolves
  4 kobold brigands
  Blork the orc (D:4)
  11 bullfrogs
  3 gnoll sergeants
  A scorpion (shapeshifter) (Vaults:5)
  A scorpion (D:7)
  An earth elemental (Elf:2)
  7 wights
  13 killer bees
  8 howler monkeys
  2 electric eels
  8 lava snakes (Volcano)
  2 bombardier beetles (D:5)
  6 jellies
  A gnoll bouda (D:8)
  14 orc priests
  4 hounds
  3 iguanas
  A sleepcap (D:7)
  19 orc wizards
  5 hell rats (Lair:5)
  2 boggart skeletons (D:13)
  31 gnolls
  14 adders
  A shadow imp (D:4)
  14 white imps
  2 ufetubi (D:7)
  64 orcs
  3 bats
  2 endoplasms
  3 giant cockroaches
  8 goblins
  9 hobgoblins
  2 jackals (D:5)
  3 quokkas
  4 ball pythons
  5 frilled lizards
  19 kobolds
  5 rats
  An aspiring flesh (Depths:4)
  4 tentacles (Shoals:3)
1990 creatures vanquished.

Vanquished Creatures (collateral kills)
  A Killer Klown (Zot:5)
  A caustic shrike (Depths:3)
  A red draconian (Zot:1)
  An entropy weaver (Spider:2)
  A death yak (Lair:1)
  A deep elf knight (Elf:2)
  An ironbound convoker (Vaults:5)
  A deep elf pyromancer (Elf:2)
  An ugly thing (IceCv)
  A rime drake (Lair:1)
  A tarantella (Spider:2)
  A spriggan (Lair:5)
  A water elemental (Elf:2)
  A harpy simulacrum (IceCv)
  A hydra simulacrum (IceCv)
  An ogre (D:5)
  2 killer bees (D:9)
  An orc priest (D:13)
  2 polar bear simulacra (IceCv)
21 creatures vanquished.

Vanquished Creatures (others)
  A Killer Klown (Zot:5)
  A fire giant (Vaults:5)
  A draconian annihilator (Zot:2)
  A vampire knight (Depths:2)
  A hydra (Zot:2)
  A radroach (Spider:1)
  2 dancing weapons (Vaults:5)
  A sea snake (Shoals:4)
  A harpy (Vaults:1)
  2 deep elf pyromancers (Elf:1)
  An ironbound convoker (Vaults:1)
  A wolf spider (Spider:2)
  A moth of wrath (Spider:4)
  A water nymph (Shoals:4)
  A troll (D:13)
  A merfolk (Shoals:2)
  A hornet (Lair:3)
  2 water elementals (Shoals:3)
  4 yaks (Lair:3)
  A warg (Elf:2)
  A redback (Spider:2)
  A centaur (D:14)
  3 orc wizards
  An orc (D:13)
  4 tentacles (Shoals:3)
36 creatures vanquished.

Grand Total: 2047 creatures vanquished

Notes
Turn   | Place    | Note
-------+----------+-------------------------------------------
     0 | D:1      | SnakkuSnakku7 the Djinni Chaos Knight began the quest for
                  | the Orb.
     0 | D:1      | Reached XP level 1. HP: 20/20 MP: 0/0
   179 | D:1      | Reached XP level 2. HP: 21/25 MP: 0/0
   342 | D:1      | XOM: silly message
   350 | D:1      | XOM: silly message
   401 | D:1      | Found Paojajar's Armour Shoppe.
   665 | D:2      | XOM: fog
   684 | D:2      | XOM: scenery: summon butterflies
   744 | D:2      | Found a sacrificial altar of Ru.
   772 | D:2      | Reached XP level 3. HP: 30/30 MP: 0/0
   772 | D:2      | Learned a level 1 spell: Slow
   860 | D:2      | XOM: 1-stop teleportation journey
  1093 | D:2      | Found Lalus's General Store.
  1593 | D:3      | XOM: butterfly on damage
  1651 | D:3      | Reached XP level 4. HP: 33/35 MP: 0/0
  1704 | D:3      | XOM: enchant monster (good)
  1767 | D:3      | XOM: 4-stop teleportation journey
  2249 | D:4      | Identified the amulet "Woim" {RegenMP rPois MP+9 Int-5
                  | Slay+3}
  2429 | D:4      | Reached XP level 5. HP: 34/40 MP: 0/0
  2429 | D:4      | Learned a level 2 spell: Lesser Beckoning
  2550 | D:4      | XOM: god gift: book of Displacement
  2578 | D:4      | XOM: silly message
  2583 | D:4      | XOM: enchant monster (good)
  2584 | D:4      | XOM: chaos upgrade
  2607 | D:3      | Reached skill level 5 in Maces & Flails
  2705 | D:4      | Reached XP level 6. HP: 34/46 MP: 0/0
  2752 | D:4      | Noticed Blork the orc
  2753 | D:4      | XOM: potion effect (invisibility)
  2766 | D:4      | Killed Blork the orc
  2890 | D:4      | XOM: noise
  2894 | D:4      | XOM: blink monster(s)
  2913 | D:4      | XOM: cast spell 'Dispersal'
  3058 | D:4      | XOM: noise
  3108 | D:4      | XOM: 3-stop teleportation journey
  3143 | D:4      | Found a stormy altar of Qazlal.
  3324 | D:4      | XOM: silly message
  3329 | D:4      | XOM: divination: magic mapping
  3335 | D:4      | XOM: divination: detect creatures
  3341 | D:4      | Reached XP level 7. HP: 14/50 MP: 0/0
  3341 | D:4      | Learned a level 3 spell: Dazzling Flash
  3534 | D:5      | Entered Level 5 of the Dungeon
  3630 | D:1      | Bought a +1 pair of gloves of dexterity for 165 gold pieces
  3647 | D:1      | XOM: give mutation
  3647 | D:1      | Gained mutation: Your spells are a little easier to cast,
                  | but a little less powerful. [Xom's mischief]
  3667 | D:2      | XOM: give mutations
  3667 | D:2      | Lost mutation: Your spells are a little easier to cast, but
                  | a little less powerful. [Xom's mischief]
  3667 | D:2      | Gained mutation: You are partially covered in iridescent
                  | scales. (AC +2) [Xom's mischief]
  3776 | D:5      | XOM: polymorph adder -> ogre
  3789 | D:5      | XOM: give mutations
  3789 | D:5      | Gained mutation: You occasionally shout uncontrollably at
                  | your foes. [Xom's mischief]
  3789 | D:5      | Gained mutation: Your mind is acute. (Int +4, Str/Dex -1)
                  | [Xom's mischief]
  3789 | D:5      | Gained mutation: You have a pair of small horns on your
                  | head. [Xom's mischief]
  3789 | D:5      | Lost mutation: You have a pair of small horns on your head.
                  | [Xom's mischief]
  3983 | D:5      | XOM: enchant monster (bad)
  3994 | D:5      | XOM: butterfly on damage
  4007 | D:5      | XOM: summons 4 friendly demons
  4015 | D:5      | Reached XP level 8. HP: 31/56 MP: 0/0
  4238 | D:5      | XOM: 3-stop teleportation journey
  4421 | D:5      | Found a blossoming altar of Fedhas.
  4421 | D:5      | Found a bloodstained altar of Trog.
  4427 | D:5      | Found an ornate altar of the Wu Jian Council.
  4430 | D:5      | Found an opulent altar of Gozag.
  4483 | D:5      | XOM: give mutations
  4483 | D:5      | Gained mutation: Your body sometimes deteriorates upon
                  | taking damage. [Xom's mischief]
  4483 | D:5      | Lost mutation: Your mind is acute. (Int +4, Str/Dex -1)
                  | [Xom's mischief]
  4483 | D:5      | Lost mutation: Your body sometimes deteriorates upon taking
                  | damage. [Xom's mischief]
  4483 | D:5      | Gained mutation: You are somewhat resistant to further
                  | mutation. [Xom's mischief]
  4580 | D:5      | Found a shimmering altar of Xom.
  4581 | D:5      | Noticed a fire bat
  4589 | D:5      | Killed a fire bat
  4945 | D:6      | XOM: cloud trail
  4955 | D:6      | XOM: give mutation
  4955 | D:6      | Gained mutation: You are covered in fur. (AC +1) [Xom's
                  | grace]
  5017 | D:6      | Reached XP level 9. HP: 43/60 MP: 0/0
  5017 | D:6      | Learned a level 4 spell: Martyr's Knell
  5073 | D:6      | Found Ugiffemo's Distillery.
  5073 | D:6      | XOM: 2-stop teleportation journey
  5096 | D:6      | XOM: enchant monster (good)
  5169 | D:6      | XOM: potion effect (berserk rage)
  5229 | D:6      | Found a staircase to the Ecumenical Temple.
  5559 | D:6      | Found a glowing golden altar of the Shining One.
  5721 | D:6      | XOM: noise
  5848 | D:7      | Noticed a cyclops
  5849 | D:7      | XOM: potion effect (invisibility)
  5862 | D:7      | Killed a cyclops
  5863 | D:7      | Reached skill level 10 in Maces & Flails
  6024 | D:7      | XOM: god gift: 913 gold pieces
  6083 | D:5      | XOM: god gift: potion of magic
  6149 | D:2      | Bought a scroll of enchant weapon for 97 gold pieces
  6149 | D:2      | Bought a potion of curing for 39 gold pieces
  6149 | D:2      | Bought a +1 cloak of preservation for 214 gold pieces
  6149 | D:2      | Bought a potion of heal wounds for 65 gold pieces
  6149 | D:2      | Bought a scroll of fear for 52 gold pieces
  6149 | D:2      | Bought 2 potions of heal wounds for 130 gold pieces
  6158 | D:2      | XOM: scenery: create altars
  6261 | D:6      | Bought a potion of might for 60 gold pieces
  6261 | D:6      | Bought a potion of curing for 45 gold pieces
  6261 | D:6      | Bought a potion of cancellation for 120 gold pieces
  6261 | D:6      | Bought a potion of curing for 45 gold pieces
  6261 | D:6      | Bought a potion of enlightenment for 75 gold pieces
  6684 | D:8      | XOM: smoke on damage
  6704 | D:8      | Reached XP level 10. HP: 65/67 MP: 0/0
  6745 | D:8      | Reached skill level 1 in Axes
  6878 | D:8      | XOM: give mutations
  6878 | D:8      | Gained mutation: You are covered in thick fur. (AC +2)
                  | [Xom's grace]
  6878 | D:8      | Gained mutation: You passively dampen the noise of your
                  | surroundings. [Xom's grace]
  6878 | D:8      | Gained mutation: You have a pair of small horns on your
                  | head. [Xom's grace]
  7097 | D:8      | XOM: scenery: summon butterflies
  7389 | D:9      | Found a flagged portal.
  7398 | D:9      | XOM: 3-stop teleportation journey
  7439 | D:9      | Noticed an orange crystal statue
  7465 | D:9      | XOM: confuse monster(s)
  7466 | D:9      | XOM: god gift: 12 gold pieces
  7475 | Bailey   | Entered a bailey
  7686 | Bailey   | XOM: confusion (+ monsters)
  7783 | Bailey   | XOM: polymorph orc -> giant cockroach
  7829 | Bailey   | XOM: silly message
  7974 | D:9      | Reached skill level 5 in Axes
  8182 | D:9      | XOM: cleaving
  8185 | D:9      | XOM: enchant monster (good)
  8186 | D:9      | XOM: summons 8 friendly demons
  8303 | D:9      | XOM: enchant monster (good)
  8448 | D:4      | XOM: scenery: summon butterflies
  8584 | D:9      | Found a shadowy altar of Dithmenos.
  8625 | D:9      | Found a sacrificial altar of Ru.
  9110 | D:10     | Entered Level 10 of the Dungeon
  9119 | D:10     | Reached XP level 11. HP: 66/71 MP: 0/0
  9119 | D:10     | Learned a level 4 spell: Flame Wave
  9163 | D:10     | Found Paupel's Weapon Boutique.
  9175 | D:10     | Bought a +0 broad axe for 52 gold pieces
  9327 | D:10     | Noticed Maggie
  9335 | D:10     | Killed Maggie
  9358 | D:10     | Found Rainwib's Jewellery Shop.
  9368 | D:10     | Noticed a two-headed ogre
  9376 | D:10     | Killed a two-headed ogre
  9376 | D:10     | XOM: silly message
  9424 | D:10     | XOM: divination: magic mapping
  9541 | D:10     | Found Kem Sun's General Store.
  9545 | D:10     | Noticed Maurice
  9625 | D:10     | Killed Maurice
  9628 | D:10     | Bought a potion of heal wounds for 65 gold pieces
  9628 | D:10     | Bought a potion of might for 52 gold pieces
  9667 | D:10     | Noticed a two-headed ogre
  9672 | D:10     | Killed a two-headed ogre
  9689 | D:10     | XOM: potion effect (heal wounds)
  9694 | D:10     | XOM: potion effect (berserk rage)
  9748 | D:10     | XOM: silly message
  9749 | D:10     | XOM: silly message
  9909 | D:10     | XOM: give mutation
  9909 | D:10     | Gained mutation: You are agile. (Dex +4, Str/Int -1) [Xom's
                  | grace]
 10246 | D:11     | Noticed a boulder beetle
 10266 | D:11     | Killed a boulder beetle
 10267 | D:11     | Reached skill level 10 in Axes
 10335 | D:11     | XOM: cleaving
 10595 | D:11     | XOM: divination: magic mapping
 10695 | D:11     | Found a staircase to the Lair.
 10759 | D:11     | Noticed a boulder beetle
 10761 | D:11     | XOM: enchant monster (good)
 10772 | D:11     | XOM: fog
 10779 | D:11     | XOM: summons friendly iron imp
 10792 | D:11     | Killed a boulder beetle
 10793 | D:11     | Reached XP level 12. HP: 36/76 MP: 0/0
 11122 | D:11     | Found a portal to a secret trove of treasure.
 11122 | D:11     | XOM: summons friendly ufetubus
 11160 | D:11     | XOM: summons 3 hostile shadow creatures
 11197 | D:10     | Bought a +4 ring of protection for 396 gold pieces
 11339 | D:11     | XOM is BORED!
 11339 | D:11     | XOM: summons 3 hostile demons
 11421 | Lair:1   | Entered Level 1 of the Lair of Beasts
 11444 | Lair:1   | XOM: potion effect (curing)
 11448 | D:11     | XOM: enchant monster (good)
 11499 | D:11     | XOM: god gift: potion of heal wounds
 11813 | Lair:1   | XOM is BORED!
 11902 | Lair:1   | You are sucked into a shaft and drop 1 floor!
 11914 | Lair:2   | XOM: cleaving
 11919 | Lair:2   | XOM: give mutations
 11919 | Lair:2   | Lost mutation: You are partially covered in iridescent
                  | scales. (AC +2) [Xom's mischief]
 11919 | Lair:2   | Lost mutation: You occasionally shout uncontrollably at
                  | your foes. [Xom's mischief]
 11919 | Lair:2   | Gained mutation: You are partially covered in large bone
                  | plates. (SH +4) [Xom's mischief]
 11919 | Lair:2   | Lost mutation: You have a pair of small horns on your head.
                  | [Xom's mischief]
 11993 | Lair:2   | Noticed Amaemon
 12006 | Lair:2   | XOM: divination: detect items
 12016 | Lair:2   | XOM: divination: detect items
 12019 | Lair:2   | XOM: enchant monster (good)
 12020 | Lair:2   | XOM: summons 3 friendly demons
 12028 | Lair:2   | XOM: summons 1 hostile demon
 12046 | Lair:2   | Killed Amaemon
 12256 | Lair:1   | Noticed a death yak
 12269 | Lair:1   | Noticed a death yak
 12273 | Lair:1   | Noticed a death yak
 12289 | Lair:2   | XOM: summons friendly iron imp
 12290 | Lair:2   | a death yak changed into a fire giant
 12290 | Lair:2   | Noticed a fire giant
 12290 | Lair:2   | XOM: polymorph death yak -> fire giant
 12319 | Lair:2   | Killed a fire giant
 12376 | Lair:2   | XOM: stat loss: -1 Dex (26/27)
 12427 | Lair:2   | Noticed Harold
 12440 | Lair:2   | Killed Harold
 12446 | Lair:2   | Noticed Sonja
 12488 | Lair:2   | XOM: 2-stop teleportation journey
 12495 | Lair:2   | XOM: enchant monster (bad)
 12515 | Lair:2   | XOM: blink monster(s)
 12522 | Lair:2   | XOM: summons 7 hostile demons
 12539 | Lair:2   | XOM: blink monster(s)
 12544 | Lair:2   | Reached XP level 13. HP: 33/81 MP: 0/0
 12544 | Lair:2   | Learned a level 5 spell: Alistair's Intoxication
 12804 | Lair:2   | XOM: summons friendly ice devil
 13018 | Lair:2   | Killed Sonja
 13059 | Lair:2   | XOM: blink monster(s)
 13091 | Lair:2   | XOM: noise
 13139 | Lair:2   | XOM: god gift: 5 large rocks
 13205 | Lair:2   | XOM: 4-stop teleportation journey
 13275 | Lair:2   | XOM: potion effect (attraction)
 13339 | Lair:2   | Identified a scroll of acquirement
 13339 | Lair:2   | Acquired a +4 heavy broad axe
 13481 | Lair:2   | XOM: noise
 13484 | Lair:2   | XOM: silly message
 13497 | Lair:2   | HP: 4/81 [yak (11)]
 14161 | Lair:1   | XOM: polymorph yak -> rime drake
 14167 | Lair:2   | XOM: polymorph death yak -> iron troll
 14225 | Lair:2   | XOM: cloud trail
 14240 | Lair:1   | XOM: divination: magic mapping
 14327 | Lair:1   | XOM: cast spell 'Iskenderun's Battlesphere'
 14583 | Lair:1   | Identified the +5 hand axe of Jowua {drain, ^Drain rPois
                  | rN++ Dex+3}
 14612 | Lair:1   | XOM: cast spell 'Summon Dragon'
 14618 | Lair:1   | Reached skill level 15 in Axes
 15311 | Lair:3   | XOM: summons friendly crimson imp
 15357 | Lair:3   | Found a hole to the Spider Nest.
 15361 | Lair:3   | XOM: summons 10 friendly demons
 15367 | Lair:3   | Reached XP level 14. HP: 68/87 MP: 0/0
 15849 | Lair:3   | XOM: give mutation
 15849 | Lair:3   | Gained mutation: Your mind is acute. (Int +4, Str/Dex -1)
                  | [Xom's mischief]
 15948 | Lair:3   | Found a staircase to the Shoals.
 16043 | Lair:3   | XOM: give mutations
 16043 | Lair:3   | Gained mutation: Your mind is very acute. (Int +8, Str/Dex
                  | -2) [Xom's mischief]
 16043 | Lair:3   | Lost mutation: You are partially covered in large bone
                  | plates. (SH +4) [Xom's mischief]
 16192 | Lair:4   | XOM: noise
 16281 | Lair:4   | XOM: destruction
 16408 | Lair:4   | XOM: polymorph yak -> hornet
 16409 | Lair:4   | XOM: summons friendly shadow imp
 16469 | Lair:3   | XOM: divine lightning
 16529 | Lair:4   | Found a viscous altar of Jiyva.
 16537 | Lair:4   | XOM: potion effect (might)
 16541 | Lair:4   | XOM: scenery: summon butterflies
 16577 | Lair:4   | Reached skill level 5 in Fighting
 16630 | Lair:4   | XOM: fog
 16707 | Lair:4   | XOM: 1-stop teleportation journey
 16826 | Lair:4   | XOM: divination: detect creatures
 17031 | Lair:4   | Found a staircase to the Slime Pits.
 17131 | Lair:5   | Entered Level 5 of the Lair of Beasts
 17148 | Lair:5   | XOM: noise
 17191 | Lair:5   | XOM: confuse monster(s)
 17293 | Lair:5   | Found a dark tunnel.
 17351 | Volcano  | Entered a volcano
 17443 | Volcano  | XOM: cast spell 'Cause Fear'
 17492 | Volcano  | XOM: noise
 17494 | Volcano  | XOM: confuse monster(s)
 17501 | Volcano  | XOM: blink monster(s)
 17504 | Volcano  | Noticed a stone giant
 17509 | Volcano  | XOM: enchant monster (good)
 17568 | Volcano  | a stone giant changed into a shapeshifter
 17568 | Volcano  | XOM: polymorph stone giant -> shapeshifter
 17619 | Volcano  | XOM: 3-stop teleportation journey
 17711 | Volcano  | XOM: noise
 17732 | Volcano  | XOM: silly message
 17770 | Lair:5   | Reached XP level 15. HP: 98/104 MP: 0/0
 17770 | Lair:5   | Learned a level 6 spell: Conjure Ball Lightning
 17786 | Lair:5   | XOM: confuse monster(s)
 17904 | Lair:5   | Found a snail-covered altar of Cheibriados.
 17967 | Lair:5   | XOM: cloud trail
 17976 | Lair:5   | XOM: fog
 18006 | Lair:5   | XOM: god gift: staff of fire
 18012 | Lair:5   | Reached skill level 10 in Fighting
 18118 | Lair:5   | XOM: give mutation
 18118 | Lair:5   | Gained mutation: You have a pair of small horns on your
                  | head. [Xom's grace]
 18119 | Lair:5   | XOM: summons 2 friendly demons
 18124 | Lair:5   | Reached skill level 1 in Shields
 18144 | Lair:5   | XOM: summons 8 hostile demons
 18269 | Lair:5   | XOM: confuse monster(s)
 18320 | Lair:5   | XOM: summons friendly shadow imp
 18400 | Lair:5   | Reached skill level 5 in Shields
 18512 | Lair:5   | XOM: cast spell 'Summon Small Mammal'
 18698 | Lair:5   | XOM: confuse monster(s)
 19120 | D:12     | XOM: god gift: scroll of poison
 19184 | D:12     | Found a staircase to the Orcish Mines.
 19213 | D:12     | XOM: 7-stop teleportation journey
 19228 | D:12     | Noticed Jorgrun
 19230 | D:12     | XOM: cleaving
 19237 | D:12     | Killed Jorgrun
 19276 | D:12     | Found a glowing silver altar of Zin.
 19276 | D:12     | Noticed an angel
 19330 | D:12     | XOM: 10-stop teleportation journey
 19514 | Orc:1    | Entered Level 1 of the Orcish Mines
 19622 | Orc:1    | XOM: enchant monster (good)
 19649 | Orc:1    | XOM: god gift: +0 ring mail of willpower
 19719 | Orc:1    | Found Kor Uxi's Jewellery Shop.
 19731 | Orc:1    | Found Moehyoq's Antique Armour Emporium.
 19742 | Orc:1    | Bought a glowing plate armour for 858 gold pieces
 19785 | Orc:1    | Found Jusaor's Book Boutique.
 19785 | Orc:1    | XOM: god gift: sling {god gift}
 19800 | Orc:1    | XOM: cloud trail
 19849 | Orc:1    | Found Vaheuwy's Weapon Shop.
 19854 | Orc:1    | Found Vewyxuem's Antique Armour Emporium.
 20191 | Orc:2    | Entered Level 2 of the Orcish Mines
 20268 | Orc:2    | Noticed Urug
 20277 | Orc:2    | Killed Urug
 20349 | Orc:2    | XOM: confuse monster(s)
 20398 | Orc:1    | XOM: give mutation
 20398 | Orc:1    | Gained mutation: You occasionally lose the ability to drink
                  | potions when taking damage. [Xom's mischief]
 20418 | Orc:2    | XOM: confusion
 20499 | Orc:2    | Noticed Snorg
 20507 | Orc:2    | Killed Snorg
 20517 | Orc:2    | Noticed Rupert
 20529 | Orc:2    | XOM: noise
 20530 | Orc:2    | Killed Rupert
 20550 | Orc:2    | Found a staircase to the Elven Halls.
 20807 | Orc:2    | XOM: potion effect (berserk rage)
 20809 | Orc:2    | XOM: noise
 20811 | Orc:2    | Reached XP level 16. HP: 113/113 MP: 0/0
 20815 | Orc:2    | Reached skill level 10 in Shields
 20817 | Orc:2    | Reached skill level 2 in Armour
 20919 | Orc:2    | XOM: polymorph smoke demon -> cerulean imp
 20930 | Orc:2    | XOM: potion effect (curing)
 20939 | Orc:2    | XOM: polymorph orc knight -> glowing shapeshifter
 20940 | Orc:2    | Reached skill level 3 in Armour
 20991 | Orc:2    | Found Xezy's Magic Scroll Emporium.
 20991 | Orc:2    | Found Napn's Antique Armour Boutique.
 21003 | Orc:2    | Found Tyqype's Jewellery Emporium.
 21003 | Orc:2    | Found Tiomm's Book Boutique.
 21009 | Orc:2    | Bought a scroll of enchant weapon for 120 gold pieces
 21009 | Orc:2    | Bought a scroll of enchant armour for 120 gold pieces
 21122 | D:13     | XOM: cast spell 'Summon Small Mammal'
 21128 | D:13     | Reached skill level 4 in Armour
 21128 | D:13     | Found a frozen archway.
 21142 | D:13     | XOM: give mutations
 21142 | D:13     | Gained mutation: Your skin changes colour to match your
                  | surroundings (Stealth+). [Xom's grace]
 21142 | D:13     | Gained mutation: You expend health (3 HP) to strengthen
                  | your wands. [Xom's grace]
 21142 | D:13     | Gained mutation: You have a pair of horns on your head.
                  | [Xom's grace]
 21414 | IceCv    | Entered an ice cave
 21417 | IceCv    | XOM: summons friendly sun demon
 21425 | IceCv    | Found a transporter.
 21439 | IceCv    | Found a transporter.
 21480 | D:13     | Identified the +8 chain mail of Going Fast {Will+}
 21525 | D:13     | Reached skill level 5 in Armour
 21650 | D:13     | Identified the +1 ring mail of Space {Rampage *Corrode
                  | Will- SInv}
 21654 | D:13     | XOM: destruction
 21661 | D:13     | Reached skill level 6 in Armour
 21762 | D:13     | XOM: cast spell 'Death Channel'
 21831 | D:13     | XOM: scenery: create altars
 21854 | D:13     | Reached skill level 7 in Armour
 21970 | D:13     | Found a gate to the Vaults.
 21977 | D:13     | Reached skill level 8 in Armour
 22018 | D:13     | XOM: summons 6 friendly demons
 22342 | D:14     | Noticed Louise
 22348 | D:14     | XOM: polymorph centaur warrior -> meliai
 22350 | D:14     | XOM: fog
 22367 | D:14     | Killed Louise
 22368 | D:14     | Reached skill level 9 in Armour
 22442 | D:14     | XOM: 5-stop teleportation journey
 23158 | D:15     | Entered Level 15 of the Dungeon
 23161 | D:15     | XOM: divination: detect items
 23217 | D:15     | Reached skill level 10 in Armour
 23278 | D:15     | Found a broken altar of Ashenzari.
 23355 | D:15     | XOM: fake destruction
 23366 | D:15     | XOM: summons friendly shadow imp
 23413 | D:15     | XOM: enchant monster (good)
 23677 | D:15     | XOM: repel stairs
 23684 | D:15     | XOM: swap monsters
 23690 | D:15     | Reached XP level 17. HP: 79/121 MP: 0/0
 23690 | D:15     | Learned a level 7 spell: Malign Gateway
 23719 | D:15     | XOM: blink monster(s)
 23740 | D:15     | Found a staircase to the Depths.
 23752 | D:15     | XOM: summons 2 friendly demons
 24034 | D:9      | XOM: silly message
 24078 | D:10     | XOM: summons 3 hostile demons
 24221 | Orc:2    | Bought a manual of Armour for 800 gold pieces
 24383 | Spider:1 | Entered Level 1 of the Spider Nest
 24413 | Spider:1 | XOM: confusion (+ monsters)
 24754 | Spider:1 | XOM: potion effect (brilliance)
 24774 | Spider:1 | XOM: swap monsters
 24882 | Spider:1 | XOM: summons 1 hostile shadow creature
 24902 | Spider:1 | XOM: summons 2 friendly demons
 25421 | Spider:2 | XOM: polymorph demonic crawler -> blizzard demon
 25537 | Spider:2 | XOM: 7-stop teleportation journey
 25538 | Spider:2 | You are sucked into a shaft and drop 1 floor!
 25550 | Spider:3 | XOM: polymorph radroach -> radroach
 25798 | Spider:3 | XOM: summons friendly shadow imp
 25818 | Spider:3 | XOM: polymorph shadow imp -> quasit
 26036 | Spider:3 | XOM: god gift: Xom's Quarto of Chance {god gift}
 26173 | Spider:3 | XOM: fog
 26183 | Spider:3 | XOM: summons 3 hostile shadow creatures
 26257 | Spider:3 | XOM: cloud trail
 26643 | Spider:3 | XOM: god gift: 13 gold pieces
 26770 | Spider:4 | Entered Level 4 of the Spider Nest
 26786 | Spider:4 | XOM: butterfly on damage
 26791 | Spider:4 | XOM: fog
 26891 | Spider:4 | XOM: cleaving
 26905 | Spider:4 | XOM: cleaving
 27047 | Spider:4 | XOM: summons 8 friendly demons
 27149 | Spider:4 | Reached skill level 11 in Armour
 27199 | Spider:4 | XOM: confuse monster(s)
 27279 | Spider:4 | XOM: scenery: create altars
 27301 | Spider:4 | Reached skill level 12 in Armour
 27338 | Spider:4 | XOM: cleaving
 27367 | Spider:4 | Reached XP level 18. HP: 129/130 MP: 0/0
 27368 | Spider:4 | XOM: confusion (+ monsters)
 27368 | Spider:4 | XOM: smoke on damage
 27415 | Spider:4 | XOM: destruction
 27428 | Spider:4 | XOM: polymorph orb spider -> shapeshifter
 27454 | Spider:4 | Reached skill level 13 in Armour
 27502 | Spider:4 | XOM: chaos cloud
 27595 | Spider:4 | XOM: confusion (+ monsters)
 27608 | Spider:4 | XOM: noise
 27610 | Spider:4 | XOM: confusion
 27683 | Spider:4 | Reached skill level 14 in Armour
 27683 | Spider:4 | XOM: enchant monster (bad)
 27757 | Spider:4 | XOM: enchant monster (bad)
 27868 | Spider:4 | XOM: butterfly on damage
 27871 | Spider:4 | Reached skill level 15 in Armour
 28005 | Spider:4 | XOM: butterfly on damage
 28053 | Spider:4 | XOM: swap monsters
 28056 | Spider:4 | XOM: give mutations
 28056 | Spider:4 | Lost mutation: You have a pair of horns on your head.
                  | [Xom's mischief]
 28056 | Spider:4 | Lost mutation: You are somewhat resistant to further
                  | mutation. [Xom's mischief]
 28088 | Spider:4 | Got a gossamer rune of Zot
 28099 | Spider:4 | Identified the +2 leather armour of Omission {rC+}
 28142 | Spider:4 | XOM: swap monsters
 28146 | Spider:4 | XOM: confusion (+ monsters)
 28173 | Spider:4 | XOM: fog
 28200 | Spider:4 | XOM: 4-stop teleportation journey
 28252 | Spider:4 | Reached skill level 16 in Armour
 28380 | Spider:2 | XOM: polymorph sun moth -> crocodile
 28393 | Spider:2 | XOM: enchant monster (good)
 28540 | Spider:2 | XOM: polymorph wolf spider -> human
 28753 | Spider:2 | XOM: enchant monster (good)
 28754 | Spider:2 | XOM: summons friendly quasit
 28761 | Spider:2 | XOM: enchant monster (good)
 28769 | Spider:2 | Reached skill level 17 in Armour
 28787 | Spider:2 | XOM: summons friendly iron imp
 28788 | Spider:2 | XOM: divination: detect items
 28792 | Spider:2 | XOM: enchant monster (good)
 28805 | Spider:1 | XOM: god gift: glowing spear {god gift}
 29212 | Shoals:1 | Entered Level 1 of the Shoals
 29293 | Shoals:1 | XOM: potion effect (haste)
 29331 | Shoals:1 | XOM: cast spell 'Dispersal'
 29344 | Shoals:1 | XOM: confuse monster(s)
 29490 | Shoals:1 | XOM: give mutations
 29490 | Shoals:1 | Lost mutation: Your mind is very acute. (Int +8, Str/Dex
                  | -2) [Xom's mischief]
 29490 | Shoals:1 | Lost mutation: You occasionally lose the ability to drink
                  | potions when taking damage. [Xom's mischief]
 29490 | Shoals:1 | Gained mutation: Your body sometimes deteriorates upon
                  | taking damage. [Xom's mischief]
 29490 | Shoals:1 | Lost mutation: You are agile. (Dex +4, Str/Int -1) [Xom's
                  | mischief]
 29611 | Shoals:1 | Identified the +1 trident "Zuepsi Dipu" {heavy, rElec rF+
                  | Str-4}
 29652 | Shoals:2 | XOM: confuse monster(s)
 29669 | Shoals:2 | XOM: polymorph faun -> basilisk
 29749 | Shoals:2 | Found a transporter.
 29753 | Shoals:2 | XOM: cast spell 'Death Channel'
 29794 | Shoals:2 | Found Tosm's Antique Weapon Shoppe.
 29796 | Shoals:2 | Noticed Nikola
 29802 | Shoals:2 | Nikola changed into Nikola the azure jelly
 29802 | Shoals:2 | Noticed Nikola
 29802 | Shoals:2 | XOM: polymorph Nikola -> Nikola the azure jelly
 29804 | Shoals:2 | Found a transporter.
 29804 | Shoals:2 | Noticed Roxanne
 29804 | Shoals:2 | XOM: 9-stop teleportation journey
 29864 | Shoals:2 | Killed Nikola the azure jelly
 29865 | Shoals:2 | Reached skill level 15 in Fighting
 29930 | Shoals:2 | Reached skill level 1 in Evocations
 29940 | Shoals:2 | XOM: draining
 29946 | Shoals:2 | Found Pure's Distillery.
 29953 | Shoals:2 | Reached XP level 19. HP: 119/126 MP: 0/0
 29953 | Shoals:2 | Learned a level 6 spell: Bombard
 29968 | Shoals:2 | Bought a potion of haste for 130 gold pieces
 29968 | Shoals:2 | Bought a potion of heal wounds for 65 gold pieces
 30033 | Shoals:2 | XOM: god gift: 24 gold pieces
 30087 | Shoals:2 | XOM: torment (50/130 hp)
 30223 | Shoals:3 | XOM: polymorph satyr -> lindwurm
 30235 | Shoals:3 | XOM: chaos upgrade
 30374 | Shoals:3 | XOM: silly message
 30375 | Shoals:3 | XOM: potion effect (attraction)
 30426 | Shoals:3 | Reached skill level 5 in Evocations
 30562 | Shoals:3 | XOM: confusion (+ monsters)
 30564 | Shoals:3 | XOM: noise
 30569 | Shoals:3 | XOM: silly message
 30605 | Shoals:3 | XOM: enchant monster (bad)
 30630 | Shoals:3 | Found Corhev's Jewellery Shoppe.
 30633 | Shoals:3 | XOM: swap monsters
 30691 | Shoals:3 | XOM: 2-stop teleportation journey
 30752 | Shoals:3 | XOM: polymorph snapping turtle -> something unseen
 30853 | Shoals:4 | Entered Level 4 of the Shoals
 30871 | Shoals:4 | XOM: scenery: summon butterflies
 30875 | Shoals:4 | XOM: cast spell 'Metabolic Englaciation'
 30923 | Shoals:4 | XOM: confuse monster(s)
 30931 | Shoals:4 | XOM: 2-stop teleportation journey
 30946 | Shoals:4 | XOM: polymorph snapping turtle -> yaktaur
 31062 | Shoals:4 | XOM: summons 7 friendly demons
 31067 | Shoals:4 | XOM: summons 2 friendly demons
 31067 | Shoals:4 | XOM: smoke on damage
 31079 | Shoals:4 | Got a barnacled rune of Zot
 31164 | Shoals:4 | XOM: cleaving
 31222 | Shoals:4 | Noticed Polyphemus
 31231 | Shoals:4 | Reached skill level 10 in Evocations
 31242 | Shoals:4 | Killed Polyphemus
 31354 | Shoals:4 | XOM: give mutations
 31354 | Shoals:4 | Gained mutation: You have a pair of horns on your head.
                  | [Xom's grace]
 31354 | Shoals:4 | Gained mutation: You have hidden genetic potential. [Xom's
                  | grace]
 31354 | Shoals:4 | Gained mutation: You have a pair of large horns on your
                  | head. [Xom's grace]
 31399 | Shoals:4 | Reached skill level 5 in Dodging
 31539 | Shoals:4 | XOM: polymorph manticore -> naga
 31604 | Shoals:4 | XOM: fog
 31609 | Shoals:4 | Reached XP level 20. HP: 142/149 MP: 0/0
 31850 | D:11     | XOM: give mutations
 31850 | D:11     | Gained mutation: You are agile. (Dex +4, Str/Int -1) [Xom's
                  | grace]
 31850 | D:11     | Gained mutation: You are strong-willed. (Will+) [Xom's
                  | grace]
 31850 | D:11     | Gained mutation: You are partially covered in iridescent
                  | scales. (AC +2) [Xom's grace]
 31912 | Vaults:1 | Entered Level 1 of the Vaults
 32019 | Vaults:1 | XOM: god gift: 6 boomerangs
 32119 | Vaults:1 | Reached skill level 18 in Armour
 32199 | Vaults:1 | XOM: divination: detect items
 32245 | Vaults:1 | XOM: confusion (+ monsters)
 32407 | Vaults:1 | XOM: polymorph ironbound preserver -> glass eye
 32420 | Vaults:1 | Found Oviufont's Weapon Emporium.
 32451 | Vaults:1 | XOM: silly message
 32454 | Vaults:1 | XOM: blink monster(s)
 32537 | Vaults:1 | Noticed Saint Roka
 32537 | Vaults:1 | XOM: 3-stop teleportation journey
 32546 | Vaults:1 | XOM: polymorph orc priest -> wyvern
 32558 | Vaults:1 | XOM: enchant monster (bad)
 32566 | Vaults:1 | XOM: summons 4 friendly demons
 32745 | Vaults:1 | XOM: summons 9 friendly demons
 32754 | Vaults:1 | Killed Saint Roka
 32814 | Vaults:1 | XOM: summons friendly crimson imp
 33329 | Vaults:2 | XOM: give mutations
 33329 | Vaults:2 | Lost mutation: You passively dampen the noise of your
                  | surroundings. [Xom's mischief]
 33329 | Vaults:2 | Lost mutation: You are partially covered in iridescent
                  | scales. (AC +2) [Xom's mischief]
 33329 | Vaults:2 | Lost mutation: You have a pair of large horns on your head.
                  | [Xom's mischief]
 33382 | Vaults:2 | XOM: stat loss: -1 Dex (20/21)
 33390 | Vaults:2 | XOM: 1-stop teleportation journey
 33419 | Vaults:2 | XOM: blink monster(s)
 33438 | Vaults:2 | XOM: blink monster(s)
 33619 | Vaults:2 | XOM: enchant monster (bad)
 33638 | Vaults:2 | XOM: summons friendly iron imp
 33938 | Vaults:2 | Found Oqiduth's Antique Armour Shop.
 33954 | Vaults:2 | Bought the +2 cloak of the Thief {*Fog Slay-2 SInv Stlth+}
                  | for 663 gold pieces
 33954 | Vaults:2 | Found the +2 cloak of the Thief {*Fog Slay-2 SInv Stlth+}
 33993 | Vaults:2 | Found a staircase to the Crypt.
 34029 | Vaults:2 | XOM: scenery: summon butterflies
 34054 | Vaults:2 | XOM: scenery: 1 doors close
 34062 | Vaults:2 | Reached XP level 21. HP: 155/155 MP: 0/0
 34062 | Vaults:2 | Learned a level 8 spell: Borgnjor's Revivification
 34100 | Vaults:2 | XOM: give mutations
 34100 | Vaults:2 | Gained mutation: You are very agile. (Dex +8, Str/Int -2)
                  | [Xom's grace]
 34100 | Vaults:2 | Gained mutation: Your natural rate of healing is unusually
                  | fast. [Xom's grace]
 34100 | Vaults:2 | Gained mutation: Your skin blends seamlessly with your
                  | surroundings (Stealth++). [Xom's grace]
 34100 | Vaults:2 | Gained mutation: You are resistant to electric shocks.
                  | (rElec) [Xom's grace]
 34186 | Vaults:2 | XOM: god gift: 5 stones
 34224 | Vaults:2 | XOM: confuse monster(s)
 34551 | Vaults:3 | Reached skill level 15 in Shields
 34554 | Vaults:3 | XOM: give mutations
 34554 | Vaults:3 | Lost mutation: You have hidden genetic potential. [Xom's
                  | mischief]
 34554 | Vaults:3 | Lost mutation: Your natural rate of healing is unusually
                  | fast. [Xom's mischief]
 34554 | Vaults:3 | Lost mutation: You are covered in thick fur. (AC +2) [Xom's
                  | mischief]
 34618 | Vaults:3 | XOM: cast spell 'Metabolic Englaciation'
 34625 | Vaults:3 | XOM: cast spell 'Leda's Liquefaction'
 34663 | Vaults:3 | XOM: enchant monster (bad)
 34678 | Vaults:3 | XOM: confuse monster(s)
 34685 | Vaults:3 | Found a flickering gateway to a bazaar.
 34741 | Bazaar   | Entered a bazaar
 34741 | Bazaar   | Found Veosirel's Antique Weapon Shop.
 34741 | Bazaar   | Found Zyuliw's Distillery.
 34764 | Bazaar   | Found Borio's Antique Armour Shop.
 34919 | Vaults:3 | XOM: summons 3 friendly demons
 34927 | Vaults:3 | Found Meacs's Assorted Antiques.
 35002 | Vaults:3 | XOM: 1-stop teleportation journey
 35049 | Vaults:3 | XOM: potion effect (invisibility)
 35057 | Vaults:3 | XOM: potion effect (brilliance)
 35275 | Vaults:3 | XOM: scenery: 2 doors close
 35391 | Vaults:3 | XOM: god gift: leather armour {god gift}
 35634 | Vaults:4 | Found Wihem's Weapon Shoppe.
 35677 | Vaults:4 | XOM: divination: detect items
 35981 | Vaults:4 | XOM: god gift: 17 gold pieces
 36009 | Vaults:4 | Identified the +3 arbalest "Spiderbane" {antimagic, Dex+2}
 36139 | Vaults:4 | XOM: cloud trail
 36484 | Vaults:4 | XOM: god gift: potion of heal wounds
 36534 | Vaults:4 | XOM: give mutations
 36534 | Vaults:4 | Lost mutation: You expend health (3 HP) to strengthen your
                  | wands. [Xom's mischief]
 36534 | Vaults:4 | Lost mutation: Your skin blends seamlessly with your
                  | surroundings (Stealth++). [Xom's mischief]
 36555 | Vaults:4 | Found Ytuec's Distillery.
 36637 | Vaults:4 | XOM: smoke on damage
 36824 | Vaults:4 | XOM: confuse monster(s)
 37200 | Depths:1 | Entered Level 1 of the Depths
 37200 | Depths:1 | Found a gateway to Hell.
 37213 | D:15     | XOM: confusion
 37246 | D:15     | Reached XP level 22. HP: 136/161 MP: 0/0
 37273 | Depths:1 | XOM: chaos cloud
 37276 | Depths:1 | XOM: smoke on damage
 37293 | D:15     | XOM: torment (54/161 hp)
 37422 | D:15     | XOM: butterfly on damage
 37729 | Depths:1 | Noticed Sojobo
 37734 | Depths:1 | Paralysed by an air elemental for 1 turns
 37735 | Depths:1 | XOM: summons friendly white imp
 37736 | Depths:1 | Paralysed by an air elemental for 1 turns
 37740 | Depths:1 | XOM: 1-stop teleportation journey
 37750 | Depths:1 | XOM: fog
 37752 | Depths:1 | XOM: polymorph ice dragon -> mana viper
 37772 | Depths:1 | XOM: potion effect (haste)
 37779 | Depths:1 | XOM: noise
 37785 | Depths:1 | Killed Sojobo
 37902 | Depths:1 | XOM: enchant monster (good)
 37938 | Depths:1 | Found Ximaoduz's Jewellery Emporium.
 37938 | Depths:1 | Found Wefro's Jewellery Shoppe.
 37939 | Depths:1 | Found Xyzeom's Jewellery Shoppe.
 37941 | Depths:1 | Found Zoash's Book Emporium.
 37976 | Depths:1 | XOM: confuse monster(s)
 38464 | Depths:2 | XOM: divination: detect creatures
 38492 | Depths:2 | XOM: confuse monster(s)
 38710 | Depths:2 | XOM: scenery: 2 doors open
 38750 | Depths:2 | Found a one-way gate to the infinite horrors of the Abyss.
 38758 | Depths:2 | XOM: enchant monster (bad)
 38816 | Depths:2 | XOM: summons 1 hostile demon
 38827 | Depths:2 | XOM: enchant monster (bad)
 38871 | Depths:2 | XOM: give mutation
 38871 | Depths:2 | Lost mutation: Your body sometimes deteriorates upon taking
                  | damage. [Xom's mischief]
 38965 | Depths:2 | XOM: noise
 38973 | Depths:2 | XOM: torment (76/161 hp)
 38977 | Depths:2 | Noticed a golden dragon
 38977 | Depths:2 | XOM: cleaving
 38977 | Depths:2 | Identified the amulet "Fiacoh" {Acrobat MP+9}
 39196 | Depths:2 | XOM: summons friendly iron imp
 39444 | Depths:2 | XOM: polymorph deep troll -> culicivora
 39466 | Depths:2 | XOM: swap monsters
 39467 | Depths:2 | XOM: noise
 39468 | Depths:2 | XOM: 1-stop teleportation journey
 39470 | Depths:2 | XOM: confusion (+ monsters)
 39542 | Depths:2 | Found a one-way gate leading to the halls of Pandemonium.
 39622 | Depths:2 | XOM: noise
 39654 | Depths:2 | XOM: confusion
 39663 | Depths:1 | Reached XP level 23. HP: 120/170 MP: 0/0
 39663 | Depths:1 | Learned a level 8 spell: Ignition
 39776 | Depths:2 | XOM: swap monsters
 39818 | Depths:2 | Killed a golden dragon
 39897 | Depths:2 | XOM: summons 1 hostile demon
 39937 | Depths:2 | Found a basalt altar of Yredelemnul.
 40066 | Depths:2 | XOM: give mutations
 40066 | Depths:2 | Gained mutation: You are very vulnerable to cold. (rC--)
                  | [Xom's mischief]
 40066 | Depths:2 | Lost mutation: You are covered in fur. (AC +1) [Xom's
                  | mischief]
 40066 | Depths:2 | Lost mutation: You are resistant to electric shocks.
                  | (rElec) [Xom's mischief]
 40066 | Depths:2 | Gained mutation: You are partially covered in iridescent
                  | scales. (AC +2) [Xom's mischief]
 40159 | Depths:2 | XOM: destruction
 40161 | Depths:2 | XOM: blink monster(s)
 40169 | Depths:2 | XOM: blink monster(s)
 40262 | Depths:2 | XOM: enchant monster (bad)
 40265 | Depths:2 | XOM: polymorph deep troll earth mage -> minotaur
 40364 | Depths:2 | Found a sparkling altar of Nemelex Xobeh.
 40505 | Depths:3 | XOM: polymorph fire giant -> broodmother
 40551 | Depths:3 | XOM: swap monsters
 40593 | Depths:3 | XOM: summons 3 hostile shadow creatures
 40833 | Depths:3 | XOM: cast spell 'Summon Ice Beast'
 40845 | Depths:3 | Noticed a caustic shrike
 40853 | Depths:3 | Killed a caustic shrike
 40854 | Depths:3 | Noticed a caustic shrike
 40860 | Depths:3 | Killed a caustic shrike
 40862 | Depths:3 | XOM: swap monsters
 40974 | Depths:3 | XOM: 2-stop teleportation journey
 40974 | Depths:3 | Noticed a golden dragon
 40976 | Depths:3 | Noticed a golden dragon
 40991 | Depths:3 | XOM: polymorph tengu reaver -> ice dragon
 40993 | Depths:3 | XOM: summons 3 friendly demons
 41019 | Depths:3 | Killed a golden dragon
 41036 | Depths:3 | Killed a golden dragon
 41179 | Depths:3 | XOM: blink monster(s)
 41211 | Depths:3 | XOM: cast spell 'Iskenderun's Battlesphere'
 41307 | Depths:3 | XOM: divination: magic mapping
 41311 | Depths:3 | XOM: cast spell 'Summon Ice Beast'
 41341 | Depths:3 | Identified the +1 helmet "Yguotaeg" {+Blink Will+ Str+3}
 41363 | Depths:3 | Identified the +8 shortbow of Noawenu {freeze, rPois
                  | Stlth+}
 41442 | Depths:3 | Noticed a caustic shrike
 41443 | Depths:3 | Noticed a caustic shrike
 41538 | Depths:3 | XOM: 1-stop teleportation journey
 41539 | Depths:3 | XOM: confuse monster(s)
 41544 | Depths:3 | Killed a caustic shrike
 41545 | Depths:3 | Killed a caustic shrike
 41546 | Depths:3 | Reached XP level 24. HP: 186/186 MP: 0/0
 41588 | Depths:3 | XOM: enchant monster (good)
 41599 | Depths:3 | XOM: divination: detect items
 41605 | Depths:3 | XOM: potion effect (might)
 41722 | Depths:3 | XOM: 5-stop teleportation journey
 41758 | Depths:3 | XOM: confuse monster(s)
 42195 | Depths:4 | XOM: stealth player
 42195 | Depths:4 | Entered Level 4 of the Depths
 42292 | Depths:4 | XOM: 1-stop teleportation journey
 42299 | Depths:4 | XOM: polymorph purple very ugly thing -> cyan very ugly
                  | thing
 42304 | Depths:4 | XOM: polymorph brown very ugly thing -> red very ugly thing
 42305 | Depths:4 | XOM: polymorph red very ugly thing -> purple very ugly
                  | thing
 42330 | Depths:4 | Found a one-way gateway to a ziggurat.
 42348 | Depths:4 | XOM: smoke on damage
 42378 | Depths:4 | XOM: 1-stop teleportation journey
 42398 | Depths:4 | Reached skill level 10 in Dodging
 42471 | Depths:4 | XOM: 8-stop teleportation journey
 42550 | Depths:4 | XOM: summons 5 friendly demons
 42909 | Depths:4 | Noticed a golden dragon
 42995 | Hell     | Entered the Vestibule of Hell
 42995 | Hell     | Noticed Geryon
 43064 | Depths:4 | XOM: polymorph black draconian -> iron troll
 43138 | Depths:4 | Found a gate to the Realm of Zot.
 43161 | Depths:4 | XOM: 1-stop teleportation journey
 43194 | Depths:4 | XOM: noise
 43199 | Depths:4 | Killed a golden dragon
 43246 | Depths:4 | XOM: 3-stop teleportation journey
 43306 | Depths:4 | XOM: god gift: +4 ring of protection
 43448 | Depths:4 | XOM: noise
 43775 | Depths:1 | Bought the amulet "Ageumit" {Reflect rPois Regen+ MP+9
                  | Dex-4 SH+5} for 723 gold pieces
 43946 | Elf:1    | Entered Level 1 of the Elven Halls
 44093 | Elf:1    | Found Xidwi's Book Shoppe.
 44578 | Elf:1    | XOM: chaos upgrade
 44750 | Elf:1    | XOM: summons 13 hostile demons
 44875 | Elf:2    | Paralysed by an air elemental for 1 turns
 44878 | Elf:2    | Paralysed by an air elemental for 1 turns
 44958 | Elf:2    | XOM: polymorph deep elf zephyrmancer -> warg
 44983 | Elf:2    | XOM: stat loss: -1 Int (16/17)
 45125 | Elf:2    | XOM: summons 10 friendly demons
 45154 | Elf:2    | XOM: polymorph shadow imp -> cerulean imp
 45197 | Elf:2    | XOM: scenery: 1 doors open
 45282 | Elf:2    | Found a runed translucent gate.
 45282 | Elf:2    | Found a runed translucent gate.
 45283 | Elf:2    | Found a runed translucent gate.
 45359 | Elf:3    | Entered Level 3 of the Elven Halls
 45381 | Elf:3    | Found Usiet's Assorted Antiques.
 45381 | Elf:3    | Found Zaghuil's Assorted Antiques.
 45381 | Elf:3    | Found Bacoargh's Weapon Boutique.
 45381 | Elf:3    | XOM: 8-stop teleportation journey
 45383 | Elf:3    | Paralysed by an air elemental for 1 turns
 45388 | Elf:3    | Paralysed by an air elemental for 1 turns
 45392 | Elf:3    | Paralysed by an air elemental for 1 turns
 45423 | Elf:3    | XOM: god gift: glowing orcbow {god gift}
 45437 | Elf:3    | XOM: summons friendly shadow imp
 45483 | Elf:3    | XOM: god gift: atropa-tipped dart
 45498 | Elf:3    | Reached XP level 25. HP: 193/193 MP: 0/0
 45498 | Elf:3    | Learned a level 9 spell: Fire Storm
 45521 | Elf:3    | Bought a potion of haste for 350 gold pieces
 45607 | Elf:3    | XOM: god gift: scroll of teleportation
 45995 | Elf:3    | XOM: polymorph deep elf elementalist -> glass eye
 46024 | Elf:3    | XOM: 9-stop teleportation journey
 46046 | Elf:3    | Reached skill level 15 in Dodging
 46046 | Elf:3    | XOM: cleaving
 46047 | Elf:3    | XOM: enchant monster (good)
 46071 | Elf:3    | XOM: give mutations
 46071 | Elf:3    | Gained mutation: You passively map a small area around you.
                  | [Xom's grace]
 46071 | Elf:3    | Gained mutation: You are mostly covered in iridescent
                  | scales. (AC +4) [Xom's grace]
 46071 | Elf:3    | Gained mutation: You have sharp fingernails. [Xom's grace]
 46071 | Elf:3    | Gained mutation: You are completely covered in iridescent
                  | scales. (AC +6) [Xom's grace]
 46072 | Elf:3    | XOM: god gift: staff of air
 46087 | Elf:3    | XOM: enchant monster (good)
 46200 | Elf:3    | XOM: summons friendly ufetubus
 46310 | Elf:3    | XOM: 3-stop teleportation journey
 46456 | Elf:3    | XOM: give mutations
 46456 | Elf:3    | Lost mutation: Your mind is acute. (Int +4, Str/Dex -1)
                  | [Xom's mischief]
 46456 | Elf:3    | Lost mutation: You are strong-willed. (Will+) [Xom's
                  | mischief]
 46456 | Elf:3    | Lost mutation: You are very vulnerable to cold. (rC--)
                  | [Xom's mischief]
 46456 | Elf:3    | Lost mutation: You are very agile. (Dex +8, Str/Int -2)
                  | [Xom's mischief]
 46497 | Elf:3    | Identified the amulet "Cozxecesh" {Spirit Regen+ MP+9
                  | Dex+2}
 46506 | Elf:3    | XOM: confusion (+ monsters)
 46520 | Elf:3    | XOM: summons 3 friendly demons
 46533 | Elf:3    | Identified the +1 orcbow of Distant Shores {flame, rElec
                  | rN+ Will-}
 46561 | Elf:3    | Identified the +0 leather armour of Boredom {-Cast rPois
                  | Str-5 Stlth+}
 46925 | D:13     | XOM: noise
 46987 | Vaults:3 | XOM: summons 1 hostile shadow creature
 47040 | Vaults:5 | Entered Level 5 of the Vaults
 47060 | Vaults:5 | Noticed a dread lich
 47060 | Vaults:5 | XOM: 4-stop teleportation journey
 47070 | Vaults:5 | XOM: potion effect (curing)
 47094 | Vaults:5 | Killed a dread lich
 47155 | Vaults:5 | Identified the ring "Zeyzxoeka" {Fire rElec rN+ Str-5}
 47177 | Vaults:5 | Identified the +3 arbalest "Xeporphigg" {speed, rElec
                  | Dex+5}
 47215 | Vaults:5 | XOM: cloud trail
 47236 | Vaults:5 | Noticed Xtahua
 47236 | Vaults:5 | XOM: 1-stop teleportation journey
 47262 | Vaults:5 | Identified the +1 rapier "Huownil" {freeze, *Rage Str+6
                  | Int-5 Dex+3}
 47265 | Vaults:5 | XOM: potion effect (heal wounds)
 47317 | Vaults:5 | XOM: silly message
 47510 | Vaults:5 | Got a silver rune of Zot
 47527 | Vaults:5 | Noticed an ancient lich
 47533 | Vaults:5 | XOM: scenery: create altars
 47545 | Vaults:5 | Killed an ancient lich
 47598 | Vaults:5 | XOM: polymorph titan -> green very ugly thing
 47653 | Vaults:5 | Paralysed by Xtahua for 4 turns
 47676 | Vaults:5 | Killed Xtahua
 47713 | Vaults:5 | XOM: silly message
 47724 | Vaults:5 | XOM: give mutation
 47724 | Vaults:5 | Lost mutation: Your skin changes colour to match your
                  | surroundings (Stealth+). [Xom's mischief]
 47732 | Vaults:5 | Identified the +2 ring mail "Loeja" {-Cast Harm rElec
                  | Will+++}
 47737 | Vaults:5 | XOM: summons friendly iron imp
 47907 | Vaults:5 | Noticed an ancient lich
 47920 | Vaults:5 | XOM: give mutations
 47920 | Vaults:5 | Lost mutation: You have a pair of horns on your head.
                  | [Xom's mischief]
 47920 | Vaults:5 | Lost mutation: You passively map a small area around you.
                  | [Xom's mischief]
 47930 | Vaults:5 | XOM: 7-stop teleportation journey
 48036 | Vaults:5 | Reached XP level 26. HP: 186/200 MP: 0/0
 48277 | Vaults:5 | XOM: give mutations
 48277 | Vaults:5 | Lost mutation: You have a pair of small horns on your head.
                  | [Xom's mischief]
 48277 | Vaults:5 | Gained mutation: You are dopey. (Int -2) [Xom's mischief]
 48408 | Vaults:5 | XOM: torment (100/197 hp)
 48629 | Vaults:5 | Reached skill level 19 in Armour
 48878 | Vaults:5 | XOM: silly message
 48953 | Vaults:5 | XOM: smoke on damage
 49059 | Vaults:5 | XOM: silly message
 49066 | Vaults:5 | XOM: divination: detect creatures
 49186 | Vaults:3 | XOM: stat loss: -1 Str (17/18)
 49447 | Zot:1    | Entered Level 1 of the Realm of Zot
 49521 | Zot:1    | XOM: summons 4 friendly demons
 49522 | Zot:1    | XOM: scenery: create altars
 49613 | Zot:1    | XOM: destruction
 50043 | Zot:1    | XOM: noise
 50051 | Zot:1    | XOM: summons friendly quasit
 50161 | Zot:1    | Identified the +0 shortbow of Evolution {drain, Int+5 Dex+5
                  | Stlth+}
 50173 | Zot:1    | Reached skill level 20 in Armour
 50220 | Zot:1    | Found Werchicw's Changing Room.
 50458 | Zot:1    | XOM: give mutation
 50458 | Zot:1    | Lost mutation: You are completely covered in iridescent
                  | scales. (AC +6) [Xom's mischief]
 50514 | Zot:1    | XOM: cast spell 'Metabolic Englaciation'
 50680 | Zot:2    | XOM: swap monsters
 50682 | Zot:2    | XOM: summons 16 friendly demons
 50769 | Zot:2    | XOM: potion effect (invisibility)
 50894 | Zot:2    | XOM: enchant monster (good)
 50903 | Zot:2    | XOM: confuse monster(s)
 50953 | Zot:2    | XOM: confuse monster(s)
 50978 | Zot:2    | XOM: enchant monster (good)
 50979 | Zot:2    | XOM: summons friendly crimson imp
 50981 | Zot:2    | XOM: summons friendly ynoxinul
 50996 | Zot:2    | XOM: scenery: create altars
 51002 | Zot:2    | XOM: fog
 51010 | Zot:2    | XOM: 6-stop teleportation journey
 51018 | Zot:1    | XOM: enchant monster (good)
 51023 | Zot:1    | Reached skill level 21 in Armour
 51055 | Zot:2    | XOM: enchant monster (good)
 51165 | Zot:2    | XOM: cast spell 'Alistair's Intoxication'
 51167 | Zot:2    | XOM: divination: detect creatures
 51312 | Zot:2    | XOM: 5-stop teleportation journey
 51318 | Zot:2    | XOM: summons friendly crimson imp
 51335 | Zot:2    | XOM: confusion (+ monsters)
 51403 | Zot:2    | XOM: summons 13 friendly demons
 51410 | Zot:2    | XOM: polymorph white imp -> crimson imp
 51419 | Zot:2    | XOM: enchant monster (good)
 51874 | Zot:3    | Noticed an orb of fire
 51885 | Zot:3    | Noticed a curse toe
 51935 | Zot:3    | XOM: silly message
 51958 | Zot:3    | XOM: confuse monster(s)
 52044 | Zot:3    | Reached XP level 27. HP: 181/205 MP: 0/0
 52044 | Zot:3    | Learned a level 9 spell: Polar Vortex
 52137 | Zot:4    | Noticed a Killer Klown
 52149 | Zot:4    | XOM: cast spell 'Summon Small Mammal'
 52154 | Zot:4    | Killed a Killer Klown
 52176 | Zot:5    | Entered Level 5 of the Realm of Zot
 52192 | Zot:5    | Reached skill level 22 in Armour
 52244 | Zot:5    | XOM: draining
 52681 | Zot:5    | XOM: enchant monster (bad)
 52776 | Zot:5    | XOM: divination: magic mapping
 52801 | Zot:5    | XOM: 3-stop teleportation journey
 52928 | Zot:5    | Reached skill level 23 in Armour
 52944 | Zot:5    | XOM: enchant monster (good)
 52951 | Zot:5    | XOM: polymorph yellow draconian annihilator -> six-headed
                  | hydra
 53034 | Zot:5    | Noticed a Killer Klown
 53043 | Zot:5    | Noticed a Killer Klown
 53044 | Zot:5    | XOM: summons friendly white imp
 53054 | Zot:5    | Killed a Killer Klown
 53057 | Zot:5    | Killed a Killer Klown
 53080 | Zot:5    | Noticed a Killer Klown
 53111 | Zot:5    | a Killer Klown changed into a caustic shrike
 53111 | Zot:5    | XOM: polymorph Killer Klown -> caustic shrike
 53114 | Zot:5    | XOM: polymorph caustic shrike -> titan
 53180 | Zot:5    | Noticed a Killer Klown
 53185 | Zot:5    | XOM: summons 7 friendly demons
 53186 | Zot:5    | Noticed a Killer Klown
 53197 | Zot:5    | XOM: chaos cloud
 53199 | Zot:5    | Killed a Killer Klown
 53204 | Zot:5    | Killed a Killer Klown
 53255 | Zot:5    | Noticed a Killer Klown
 53267 | Zot:5    | Killed a Killer Klown
 53279 | Zot:5    | Noticed a dread lich
 53282 | Zot:5    | XOM: scenery: summon butterflies
 53289 | Zot:5    | Killed a dread lich
 53314 | Zot:5    | Noticed a Killer Klown
 53315 | Zot:5    | Noticed a Killer Klown
 53320 | Zot:5    | XOM: enchant monster (good)
 53330 | Zot:5    | Noticed an orb of fire
 53333 | Zot:5    | Gained mutation: You are very vulnerable to cold. (rC--)
                  | [an orb of fire]
 53335 | Zot:5    | Gained mutation: You occasionally lose the ability to read
                  | scrolls when taking damage. [an orb of fire]
 53339 | Zot:5    | XOM: potion effect (haste)
 53339 | Zot:5    | Gained mutation: You occasionally lose the ability to drink
                  | potions when taking damage. [an orb of fire]
 53341 | Zot:5    | Killed a Killer Klown
 53342 | Zot:5    | Lost mutation: You are agile. (Dex +4, Str/Int -1) [an orb
                  | of fire]
 53344 | Zot:5    | Gained mutation: You are frail. (-10% HP) [an orb of fire]
 53345 | Zot:5    | Gained mutation: Your health recovers twice as slowly from
                  | being drained. [an orb of fire]
 53348 | Zot:5    | Killed an orb of fire
 53350 | Zot:5    | Noticed a dread lich
 53357 | Zot:5    | XOM: confuse monster(s)
 53363 | Zot:5    | Killed a dread lich
 53364 | Zot:5    | Reached skill level 24 in Armour
 53375 | Zot:5    | Lost mutation: You are mostly covered in iridescent scales.
                  | (AC +4) [potion of mutation]
 53375 | Zot:5    | Lost mutation: You are very vulnerable to cold. (rC--)
                  | [potion of mutation]
 53375 | Zot:5    | Gained mutation: Your muscles are strong. (Str +4, Int/Dex
                  | -1) [potion of mutation]
 53376 | Zot:5    | Lost mutation: You are partially covered in iridescent
                  | scales. (AC +2) [potion of mutation]
 53376 | Zot:5    | Lost mutation: You occasionally lose the ability to read
                  | scrolls when taking damage. [potion of mutation]
 53376 | Zot:5    | Lost mutation: Your health recovers twice as slowly from
                  | being drained. [potion of mutation]
 53376 | Zot:5    | Gained mutation: You are very vulnerable to cold. (rC--)
                  | [potion of mutation]
 53376 | Zot:5    | Lost mutation: Your muscles are strong. (Str +4, Int/Dex
                  | -1) [potion of mutation]
 53376 | Zot:5    | Gained mutation: You have a pair of small horns on your
                  | head. [potion of mutation]
 53377 | Zot:5    | Lost mutation: You occasionally lose the ability to drink
                  | potions when taking damage. [potion of mutation]
 53377 | Zot:5    | Lost mutation: You have sharp fingernails. [potion of
                  | mutation]
 53377 | Zot:5    | Lost mutation: You are very vulnerable to cold. (rC--)
                  | [potion of mutation]
 53377 | Zot:5    | Gained mutation: Your movements are slightly less
                  | encumbered by armour. (ER -2) [potion of mutation]
 53377 | Zot:5    | Gained mutation: You possess an exceptional clarity of
                  | mind. [potion of mutation]
 53378 | Zot:5    | Lost mutation: You are frail. (-10% HP) [potion of
                  | mutation]
 53378 | Zot:5    | Lost mutation: You possess an exceptional clarity of mind.
                  | [potion of mutation]
 53378 | Zot:5    | Gained mutation: Armour fits poorly on your strangely
                  | shaped body. [potion of mutation]
 53378 | Zot:5    | Gained mutation: Your flesh is almost immune to the effects
                  | of heat. (rF+++) [potion of mutation]
 53379 | Zot:5    | Lost mutation: You are dopey. (Int -2) [potion of mutation]
 53379 | Zot:5    | Lost mutation: You have a pair of small horns on your head.
                  | [potion of mutation]
 53379 | Zot:5    | Lost mutation: Your movements are slightly less encumbered
                  | by armour. (ER -2) [potion of mutation]
 53379 | Zot:5    | Gained mutation: You are partially covered in iridescent
                  | scales. (AC +2) [potion of mutation]
 53438 | Zot:5    | Noticed an ancient lich
 53445 | Zot:5    | Killed an ancient lich
 53478 | Zot:5    | XOM: give mutations
 53478 | Zot:5    | Lost mutation: Armour fits poorly on your strangely shaped
                  | body. [Xom's mischief]
 53478 | Zot:5    | Gained mutation: You are clumsy. (Dex -2) [Xom's mischief]
 53493 | Zot:5    | Noticed a dread lich
 53496 | Zot:5    | XOM: fog
 53503 | Zot:5    | Killed a dread lich
 53568 | Zot:5    | Noticed an orb of fire
 53569 | Zot:5    | XOM: summons friendly white imp
 53570 | Zot:5    | XOM: destruction
 53576 | Zot:5    | Gained mutation: You are very clumsy. (Dex -4) [an orb of
                  | fire]
 53593 | Zot:5    | Gained mutation: You have hidden genetic defects. [an orb
                  | of fire]
 53611 | Zot:5    | Gained mutation: You are occasionally teleported next to
                  | monsters. [mutagenic glow]
 53625 | Zot:5    | Lost mutation: You are occasionally teleported next to
                  | monsters. [potion of mutation]
 53625 | Zot:5    | Lost mutation: You are very clumsy. (Dex -4) [potion of
                  | mutation]
 53625 | Zot:5    | Lost mutation: You are partially covered in iridescent
                  | scales. (AC +2) [potion of mutation]
 53625 | Zot:5    | Gained mutation: Your movements are slightly less
                  | encumbered by armour. (ER -2) [potion of mutation]
 53746 | Zot:5    | XOM: cleaving
 53749 | Zot:5    | Noticed an orb of fire
 53849 | Zot:5    | Gained mutation: You are frail. (-10% HP) [an orb of fire]
 53863 | Zot:5    | Killed an orb of fire
 53944 | Zot:5    | XOM: torment (90/181 hp)
 53975 | Zot:5    | XOM: blink monster(s)
 53989 | Zot:5    | Reached skill level 25 in Armour
 54005 | Zot:5    | Noticed a Killer Klown
 54016 | Zot:5    | a Killer Klown changed into a fenstrider witch
 54016 | Zot:5    | XOM: polymorph Killer Klown -> fenstrider witch
 54022 | Zot:5    | XOM: confuse monster(s)
 54048 | Zot:5    | XOM: 3-stop teleportation journey
 54052 | Zot:5    | XOM: enchant monster (bad)
 54128 | Zot:5    | Noticed a Killer Klown
 54147 | Zot:5    | Gained mutation: You do not regenerate when monsters are
                  | visible. [an orb of fire]
 54160 | Zot:5    | Gained mutation: You are very clumsy. (Dex -4) [an orb of
                  | fire]
 54170 | Zot:5    | Killed an orb of fire
 54240 | Zot:5    | Got the Orb of Zot
 54358 | Zot:2    | Noticed Jengusedgh the pandemonium lord
 54440 | Zot:1    | XOM: polymorph shadow demon -> soul eater
 54527 | Depths:1 | XOM: give mutation
 54527 | Depths:1 | Lost mutation: You are frail. (-10% HP) [Xom's mischief]
 54588 | D:14     | XOM: divination: magic mapping
 54605 | D:13     | XOM: give mutations
 54605 | D:13     | Lost mutation: You are very clumsy. (Dex -4) [Xom's grace]
 54605 | D:13     | Gained mutation: Your spells are a little harder to cast,
                  | but a little more powerful. [Xom's grace]
 54605 | D:13     | Gained mutation: Your muscles are strong. (Str +4, Int/Dex
                  | -1) [Xom's grace]
 54704 | D:9      | Noticed Faum the pandemonium lord
 54708 | D:9      | XOM: summons 2 hostile shadow creatures
 54805 | D:2      | Gained mutation: You are frail. (-10% HP) [hidden defects]
 54815 | D:2      | Noticed Vyphutelo the pandemonium lord
 54815 | D:2      | Noticed an ancient lich
 54833 | D:1      | Killed an ancient lich
 54860 | D:$      | Escaped with the Orb!

Illustrated notes

Levels and vault maps discovered:
D:1:      mrwooster_arrival_statue, layout_loops_ring, serial_shops,
          nicolae_shop_peninsula
D:2:      layout_basic, serial_shops, nicolae_shop_statue_plus, basic_altar
D:3:      layout_loops_ring
D:4:      layout_loops_ring, mainiacjoe_overflow_alcove_4, uniq_blork_the_orc
D:5:      layout_loops_ring, regret_index_xom_of_box,
          grunt_temple_overflow_cloverleaf
D:6:      layout_loops_ring, general_overflow_altar,
          minmay_temple_entry_overgrown, serial_shops, shop,
          kennysheep_cluttered_room, mrwooster_statue_mirror, minivault_23
D:7:      layout_rooms, roderic_lattice_a
D:8:      layout_loops_ring
D:9:      layout_layer_cave, kennysheep_mini_moat,
          nicolae_dithmenos_through_a_glass_darkly, enter_bailey_5,
          minmay_misc_feat_alley, minivault_15, st_stairs_5
D:10:     layout_basic, serial_shops, nicolae_shop_back_alley_shop,
          nicolae_lakefront_shop, nicolae_square_shop, uniq_maggie, uniq_maurice
D:11:     nicolae_cairo_tiling_very_big, layout_irregular_city,
          lair_entry_dummy, nicolae_trove_entry_path_of_doom
D:12:     layout_roguey, orc_0_dummy, zin_angel, uniq_jorgrun
D:13:     layout_rooms, hangedman_vaults_entry_quadrant_bands,
          portal_ice_cave_entry_imps, david_defended_altar_orc
D:14:     layout_layer_cave, corexii_hall_statues_t, uniq_louise
D:15:     hangedman_depths_entry_try_elsewhere_first, layout_irregular_city,
          evilmike_ruin_ashenzari
Lair:1:   minmay_lair_venomous_thicket, layout_cave_pods
Lair:2:   layout_layer_cave, serial_bayou_pond_c, grunt_megastairs_1,
          infiniplex_staircase_pool, lemuel_fruit_fields, uniq_amaemon,
          uniq_harold, uniq_sonja
Lair:3:   layout_loops_ring, mainiacjoe_shoals_entry_four_pools,
          spider_nest_entry_a, grunt_megastairs_4
Lair:4:   layout_gridlike, nicolae_slime_entry_field_trip
Lair:5:   minmay_lair_end_enchanted_forest, layout_cave_pods, enter_volcano_3,
          kennysheep_snail_temple
Shoals:1: layout_shoals, nicolae_shoals_lost_giant_hut,
          nicolae_shoals_arrival_archipelago
Shoals:2: gammafunk_sealed_arena, layout_shoals, serial_shops,
          nicolae_shop_industrial_runoff, nicolae_shop_pleasant_corner_grove,
          uniq_nikola, uniq_roxanne
Shoals:3: layout_shoals, serial_shops, nicolae_shop_trees
Shoals:4: shoals_end_simple, layout_shoals, hangedman_shoal_volcano,
          uniq_polyphemus
Spider:1: layout_cave_pods, nicolae_spider_twisty_arc_passages
Spider:2: layout_spider_delve, spiders_nest_spider_trap
Spider:3: layout_spider_delve, nicolae_spider_solar_radiation
Spider:4: grunt_spider_rune_island
Orc:1:    layout_caves, serial_shops, nicolae_shop_peninsula, shop,
          nicolae_book_shop_shelving, shop, shop, nicolae_orc_hostile_takeover,
          mines1_david
Orc:2:    grunt_orc_tribal_feast, layout_caves, uniq_urug, uniq_rupert,
          uniq_snorg
Elf:1:    layout_geoelf_diagonals, serial_shops, nicolae_book_shop_shelving,
          nicolae_elf_crossing_hall, roderic_lattice_octagonal_star,
          lemuel_upstairs_altar
Elf:2:    nicolae_elf_blades_splatter_lattice [infiniplex_blade_entry_pillars],
          layout_geoelf_diagonals
Elf:3:    minmay_elf_hall_quartered_circle, layout_loops_cross, minmay_shop_star
Vaults:1: v_misc_8, vaults_room_door_hall,
          nicolae_vaults_windows_and_doors_thing, v_alt_pattern_6,
          serial_library_hellmonk_reading_circle, grunt_vaults_hallway_short,
          hangedman_vaults_pinch, nicolae_vaults_apartment_1,
          grunt_vaults_funnel, nicolae_vaults_trapezoid_2,
          hangedman_vaults_locks, layout_vaults_big_room, serial_shops,
          nicolae_shop_bloodbath_and_beyond, uniq_saint_roka
Vaults:2: nicolae_vaults_border_crossing, nicolae_vaults_double_plus_3,
          vaults_mumra_minichess, v_alt_pattern_4, blue_anna_dwarven_crypt,
          nicolae_vaults_frosty_reception, nicolae_vaults_little_squares_2,
          v_pattern_2, vaults_dpeg_hooks, st_diamondy, v_misc_1,
          ontoclasm_vaults_pinch, nicolae_vaults_three_branches,
          vaults_dpeg_encased_lava, layout_vaults_big_cross, serial_shops, shop
Vaults:3: nicolae_vaults_tetromino_T_1, hangedman_vaults_restitches,
          nicolae_vaults_closet_pinwheel_3, nicolae_vaults_twisting_passages,
          hangedman_vaults_capsules, ontoclasm_vaults_claustrophobia, v_misc_25,
          ontoclasm_vaults_eye, nicolae_vaults_closet_pinwheel_6,
          serial_library_regret_index_small_wings, vaults_room_mumra_shop_pool,
          nicolae_vaults_variable_pillar_hall, layout_vaults_maze, serial_shops,
          bzr_entry_water
Vaults:4: ontoclasm_vaults_shuriken, ontoclasm_vaults_twist,
          nicolae_vaults_yaktaur_gun_rack, nicolae_vaults_trapezoid_lopsided_2,
          nicolae_vaults_little_squares_5, ontoclasm_vaults_tryst,
          nicolae_vaults_little_squares_1, nicolae_vaults_storage_room_water,
          nicolae_vaults_taking_the_gang_shopping, v_misc_16,
          ontoclasm_vaults_ligature, nicolae_vaults_variable_pillar_hall,
          vaults_dpeg_ring, minmay_orc_keep, layout_vaults_omnigrid,
          serial_shops, nicolae_shop_industrial_runoff
Vaults:5: serial_shops, uniq_xtahua
Depths:1: layout_cave_pools, chequers_serial_rivers_small_b, hell_entry,
          hangedman_decor_clover_reticule, serial_sigils_hangedman_quiver,
          grunt_ministairs_15, kennysheep_generic_room_15, minmay_shoptagon,
          uniq_sojobo
Depths:2: nicolae_fronds_of_death, layout_gridlike, hangedman_abyss_entry_splay,
          nemelex_altar_shiori, pan_entry, pf_coc_iceberg,
          yredelemnul_altar_generic, infiniplex_staircase_trident
Depths:3: grunt_arcs, layout_cave_pools, hell_entry, abyss_entry_crystal,
          serial_library_hellmonk_recessed_alcove, infiniplex_staircase_zigzag_1
Depths:4: grunt_zot_entry_pinwheel, layout_gridville, enter_ziggurat_b,
          hangedman_glass_teeth, hellmouth_1, uniq_margery
Hell
Zot:1:    layout_misc_corridors, grunt_ministairs_11,
          regret_index_zotdec_abyssal_star_handed, nicolae_transmutations_shop
Zot:2:    layout_cathedral_of_symmetry, hangedman_swamp_dais
Zot:3:    layout_twisted_circle, grunt_megastairs_2
Zot:4:    layout_cathedral_of_symmetry, regret_index_zotdec_under_construction
Zot:5:    layout_misc_corridors

Skill      XL: |  1  2  3  4  5  6  7  8  9 10 11 12 13 14 15 16 17 18 19 20 21 22 23 24 25 26 27 |
---------------+----------------------------------------------------------------------------------+-----
Maces & Flails | 3 4 5 6 7 9 11 | 11.4
Axes           | 6 10 13 15 16 | 16.6
Fighting       | 8 10 11 14 15 16 19 20 | 20.0
Shields        | 9 10 14 17 20 | 20.0
Armour         | 10 12 17 18 21 25 | 25.5
Evocations     | 1 10 | 10.0
Dodging        | 6 8 14 19 20 | 20.0

Action                     |  1- 3 |  4- 6 |  7- 9 | 10-12 | 13-15 | 16-18 | 19-21 | 22-24 | 25-27 || total
---------------------------+-------+-------+-------+-------+-------+-------+-------+-------+-------++-------
  Melee: Mace              |   102 |    20 |       |       |       |       |       |       |       ||   122
         Flail             |       |    93 |       |       |       |       |       |       |       ||    93
         Whip              |       |    18 |   247 |    21 |       |       |       |       |       ||   286
         Punch             |       |       |     6 |     5 |    12 |       |       |       |       ||    23
         War axe           |       |       |       |   519 |    75 |       |       |       |       ||   594
         Headbutt          |       |       |       |    85 |    62 |   280 |   305 |   489 |   183 ||  1404
         Broad axe         |       |       |       |       |   669 |  1035 |   999 |  1393 |  1659 ||  5755
         Hand axe          |       |       |       |       |    36 |    17 |       |       |       ||    53
  Throw: Dart              |       |       |       |     1 |       |       |       |       |       ||     1
         Throwing net      |       |       |       |     3 |       |       |       |       |       ||     3
  Evoke: Wand              |       |       |    12 |    19 |    14 |     4 |       |     6 |    17 ||    72
         Condenser vane    |       |       |       |       |       |       |       |     1 |       ||     1
    Use: Scroll            |       |     1 |     7 |    11 |    13 |    10 |     4 |    22 |    15 ||    83
         Potion            |       |       |       |     7 |     6 |     4 |       |    19 |    32 ||    68
   Stab: Sleeping          |     1 |       |     1 |     6 |     4 |     4 |     2 |     4 |       ||    22
         Paralysed         |       |     1 |     1 |    11 |     2 |     2 |       |     4 |     1 ||    22
         Invisible         |       |     2 |     5 |       |       |       |    10 |       |     3 ||    20
         Petrified         |       |       |       |     5 |       |       |     4 |       |     1 ||    10
         Distracted        |       |       |       |     3 |     1 |     2 |     2 |     2 |     5 ||    15
         Held in net/web   |       |       |       |     2 |       |       |       |       |       ||     2
         Confused          |       |       |       |       |    15 |     9 |    13 |    14 |     2 ||    53
         Petrifying        |       |       |       |       |       |       |       |       |     1 ||     1
         Betrayed ally     |       |       |       |       |       |       |       |       |     1 ||     1
 Armour: Leather armour    |    63 |   125 |   122 |   211 |       |       |       |       |       ||   521
         Steam dragon scal |       |       |       |   265 |   468 |       |       |       |       ||   733
         Scale mail        |       |       |       |       |   327 |  1011 |   432 |       |       ||  1770
         Chain mail        |       |       |       |       |       |       |   335 |    68 |       ||   403
         Ice dragon scales |       |       |       |       |       |       |       |   729 |   840 ||  1569
  Dodge: Dodged            |    64 |    81 |    99 |   440 |   463 |   333 |   350 |   612 |   854 ||  3296
  Block: Other             |       |       |       |    21 |    31 |       |       |       |       ||    52
         Kite shield       |       |       |       |       |    87 |   197 |       |       |       ||   284
         Tower shield      |       |       |       |       |       |  1379 |  1362 |  2195 |  2426 ||  7362
         Reflection        |       |       |       |       |       |       |       |    33 |    53 ||    86
